 Dungeon Crawl Stone Soup version 0.27-a0-1384-g1422d76b99 (webtiles) character file.

Game seed: 12759407287184637046

27 Sobieck the Firebug (level 3, -2/21 HPs)
             Began as an Octopode Fire Elementalist on June 30, 2021.
             Slain by Ijyb (5 damage)
             ... on level 3 of the Dungeon.
             The game lasted 00:02:22 (530 turns).

Sobieck the Firebug (Octopode Fire Elementalist)     Turns: 530, Time: 00:02:22

Health: -2/21      AC:  1    Str:  7    XL:     3   Next: 10%
Magic:  0/6        EV: 13    Int: 18    God:
Gold:   0          SH:  0    Dex: 12    Spells: 5/6 levels left

rFire    . . .     SeeInvis .   (no weapon)
rCold    . . .     Faith    .   (no shield)
rNeg     . . .     Spirit   .   (helmet restricted)
rPois    .         Reflect  .   (no amulet)
rElec    .         Harm     .   (no ring)
rCorr    .         Rampage  .   (no ring)
Will     .....                  (no ring)
Stlth    +++.......             (no ring)
HPRegen  0.07/turn              (no ring)
MPRegen  0.10/turn              (no ring)
                                (no ring)
                                (no ring)

@: very slightly contaminated
A: almost no armour, amphibious, 8 rings, camouflage 1, gelatinous body 1,
(nimble swimmer 1), tentacles
a: no special abilities


You were on level 3 of the Dungeon.
You visited 1 branch of the dungeon, and saw 4 of its levels.


Innate Abilities, Weirdness & Mutations

You cannot wear most types of armour.
You are amphibious.
You can wear up to eight rings at the same time.
Your skin changes colour to match your surroundings (Stealth+).
Your rubbery body absorbs attacks. (AC +1, EV +1)
((You are camouflaged near water. (Stealth+)))
You have tentacles for arms and can constrict up to eight enemies at once.


   Skills:
 + Level 2.4 Dodging
 - Level 2.6 Stealth
 + Level 2.3 Spellcasting
 + Level 1.6 Conjurations
 + Level 3.3 Fire Magic


You had 5 spell levels left.
You knew the following spells:

 Your Spells              Type           Power      Damage    Failure   Level
a - Foxfire               Conj/Fire      44%        2x1d6     6%          1

Your spell library contained the following spells:

 Spells                   Type           Power      Damage    Failure   Level
 Conjure Flame            Conj/Fire      11%        6-21      19%         3
 Inner Flame              Hex/Fire       8%         N/A       26%         3
 Sticky Flame             Conj/Fire      11%        2d3       54%         4
 Fireball                 Conj/Fire      5%         3d5       87%         5

Inventory:

Missiles
 b - 16 stones {throwing}
 c - 17 sling bullets
Scrolls
 a - a scroll of enchant weapon {unknown}
 d - a scroll of teleportation {unknown}
 e - 2 scrolls of magic mapping {unknown}
Potions
 f - a potion of heal wounds {unknown}

Dungeon Overview and Level Annotations

Branches:
Dungeon (4/15)
 Temple: D:4-7

Altars:

Annotations:
D:3 Ijyb

.........#.....#
#####.##...#####
#.......##
#.###....########
#.# #..#......#..
#.# #....####.#g#
#.###.#######.#.#
#..........>ยง.#.#
#.########.#@.#.#
#.#.g#.# ..#...#.#
####..###.# #.##
#.# #.. ## #.# #.#
#.#


You could see Ijyb.


Message History

๐Ÿ˜ฎ HP[+2]
You now have 21 max hp (+4).
You regained 2 hp, and now have 13/21 hp.
You start resting. ๐Ÿ˜• HP[+3] MP[+5]
You regained 3 hp, and now have 16/21 hp.
Your mp is fully restored (6).
You start resting. ๐Ÿ˜Ž HP[+5]
Your hp is fully restored (21).
Unknown command.
You climb upwards.
Level annotation: Ijyb
There is a stone staircase leading down here.
You conjure some foxfire!
Ijyb hits you with a +0 dagger. ๐Ÿ˜• HP[-5] MP[-1]
You take 5 damage, and now have 16/21 hp.
MASSIVE DAMAGE!! (PAUSE)
You lost 1 mp, and now have 5/6 mp.
You miscast Foxfire.
You are very lightly contaminated with residual magic.
Nothing appears to happen.
The foxfire hits Ijyb but does no damage. x2
Ijyb closely misses you. ๐Ÿ˜• MP[-1]
You lost 1 mp, and now have 4/6 mp.
You miscast Foxfire.
Nothing appears to happen.
Ijyb zaps a wand.
You barely resist. ๐Ÿ˜• MP[-1]
You lost 1 mp, and now have 3/6 mp.
You conjure some foxfire!
Ijyb hits you but does no damage. ๐Ÿ˜• MP[-1]
You lost 1 mp, and now have 2/6 mp.
You conjure some foxfire!
The foxfire hits Ijyb but does no damage.
The foxfire hits Ijyb.
Ijyb zaps a wand.
Your mind is blasted! ๐Ÿ˜ฎ HP[-4] MP[-1]
You take 4 damage, and now have 12/21 hp.
You lost 1 mp, and now have 1/6 mp.
You are too injured to fight recklessly!
Unknown command.
You are too injured to fight recklessly!
Unknown command.
You are too injured to fight recklessly!
You tentacle-slap Ijyb but do no damage.
Your grab misses Ijyb. Your squeeze misses Ijyb.
The foxfire hits Ijyb. x2
Ijyb hits you with a +0 dagger.
* * * LOW HITPOINT WARNING * * *
๐Ÿ˜จ HP[-4]
You take 4 damage, and now have 8/21 hp.
You barely miss Ijyb. Your grab misses Ijyb. Ijyb hits you with a +0 dagger.
* * * LOW HITPOINT WARNING * * *
๐Ÿ˜จ HP[-1]
You take 1 damage, and now have 7/21 hp.
Unknown command.
You tentacle-slap Ijyb but do no damage.
You grab Ijyb. You constrict Ijyb, but do no damage.
Ijyb hits you with a +0 dagger.
* * * LOW HITPOINT WARNING * * *
๐Ÿ˜ฑ HP[-4]
You take 4 damage, and now have 3/21 hp.
You are too injured to fight recklessly!
Unknown command.
Unknown command.
Sorry, you're not good enough to have a special ability.
Unknown command.
Casting: Foxfire (safe; 6% risk of failure)
Confirm with . or Enter, or press ? or * to list all spells.
You conjure some foxfire!
You constrict Ijyb, but do no damage. Ijyb hits you with a +0 dagger.
* * * LOW HITPOINT WARNING * * *
๐Ÿ˜ฑ HP[-1] MP[-1]
You take 1 damage, and now have 2/21 hp.
You lost 1 mp, and now have 0/6 mp.
Casting: Foxfire (safe; 6% risk of failure)
Confirm with . or Enter, or press ? or * to list all spells.
Okay, then.
You tentacle-slap Ijyb but do no damage.
You constrict Ijyb, but do no damage.
The foxfire hits Ijyb.
The foxfire hits Ijyb but does no damage.
Ijyb misses you. ๐Ÿ˜ฑ HP[+1] MP[+1] Unknown command.
Casting: Foxfire (safe; 6% risk of failure)
Confirm with . or Enter, or press ? or * to list all spells.
You conjure some foxfire!
You constrict Ijyb, but do no damage.
Ijyb screams, "Me very upset!"
Ijyb zaps a wand.
You barely resist. ๐Ÿ˜ฑ MP[-1]
You lost 1 mp, and now have 0/6 mp.
You tentacle-slap Ijyb but do no damage.
You constrict Ijyb.
The foxfire hits Ijyb but does no damage.
The foxfire hits Ijyb.
Ijyb hits you with a +0 dagger.
You die...

Action                   || total
-------------------------++-------
Melee: Unarmed           ||    20
       Constrict         ||     6
       Tentacles         ||     1
 Cast: Foxfire           ||    20
 Stab: Distracted        ||     1
Armor: Skin              ||     2
Dodge: Dodged            ||    14

Levels and vault maps discovered:
D:1:      dpeg_arrival_leaves_temple_mockup, layout_basic
D:2:      layout_rooms
D:3:      layout_loops_ring, uniq_ijyb
D:4:      layout_rooms, kennysheep_mini_moat, gammafunk_ghost_split

Notes
Turn   | Place    | Note
-------+----------+-------------------------------------------
     0 | D:1      | Sobieck the Octopode Fire Elementalist began the quest for
                  | the Orb.
     0 | D:1      | Reached XP level 1. HP: 11/11 MP: 3/3
     0 | D:1      | magus.rc [v1.9.6]
    94 | D:1      | Reached XP level 2. HP: 17/17 MP: 1/5
   145 | D:2      | You fall into a shaft and drop 2 floors!
   394 | D:3      | Noticed Ijyb
   411 | D:4      | Reached XP level 3. HP: 13/21 MP: 1/6
   526 | D:3      | HP: 3/21 [Ijyb (4)]
   530 | D:3      | Slain by Ijyb

Vanquished Creatures
  A hound skeleton (D:4)
  An adder skeleton (D:4)
  2 ball pythons
  An endoplasm (D:3)
  A giant cockroach (D:1)
  2 jackals (D:1)
  A quokka (D:1)
  A frilled lizard (D:3)
10 creatures vanquished.

Vanquished Creatures (others)
  39 foxfires
39 creatures vanquished.

Grand Total: 49 creatures vanquished

Table legend:
 A = Non-vault XP
 B = Vault XP
 C = Vault XP percentage of total XP
 D = Non-vault monster count
 E = Vault monster count
 F = Vault count percentage of total count
                 A         B        C        D         E       F
            +---------+---------+-------+---------+---------+-------
      Total |      39 |       0 |   0.0 |      10 |       0 |   0.0
            +---------+---------+-------+---------+---------+-------
        D:1 |      10 |       0 |   0.0 |       5 |       0 |   0.0
        D:3 |       3 |       0 |   0.0 |       2 |       0 |   0.0
        D:4 |      26 |       0 |   0.0 |       3 |       0 |   0.0
            +---------+---------+-------+---------+---------+-------

Illustrated notes

Table legend:
 A = Kills in this place as a percentage of kills in entire the game.
 B = Kills by you in this place as a percentage of kills by you in the entire game.
 C = Kills by friends in this place as a percentage of kills by friends in the entire game.
 D = Other kills in this place as a percentage of other kills in the entire game.
 E = Experience gained in this place as a percentage of experience gained in the entire game.
 F = Experience gained in this place divided by the number of levels of this place that you have seen.
                   A       B       C       D       E      F
               +-------+-------+-------+-------+-------+----------------------
         Total | 100.0 | 100.0 |   N/A |   N/A | 100.0 |   9.8
       Dungeon | 100.0 | 100.0 |   N/A |   N/A | 100.0 |   9.8
               +-------+-------+-------+-------+-------+----------------------

Table legend: (Time is in decaauts)
 A = Elapsed time spent in this place.
 B = Non-inter-level travel time spent in this place.
 C = Inter-level travel time spent in this place.
 D = Time resting spent in this place.
 E = Time spent auto-exploring this place.
 F = Levels seen in this place.
 G = Mean time per level.
                   A        B        C        D        E       F      G
               +--------+--------+--------+--------+--------+-----+--------+
         Total |    530 |    521 |      9 |    224 |    181 |   4 |  132.5 |
       Dungeon |    530 |    521 |      9 |    224 |    181 |   4 |  132.5 |
               +--------+--------+--------+--------+--------+-----+--------+

Top non-repeatable levels by time:
     D:4: 253 daAuts
     D:1: 144 daAuts
     D:3: 132 daAuts
     D:2: 0 daAuts
